Map: Orbital Shipyard

Players

LilDicky - Winner!

  • Race: Terran Terran
  • League: Diamond

SuperDuper

  • Race: Terran Terran
  • League: Diamond

VOD

http://www.twitch.tv/tumescentpie

Description

Time

  • Played on: Dec. 31, 2015, 6:19 p.m.
  • Length: 5:18
Show
View Real Time Build Order
Export as new Build Order

LilDicky Terran - Winner!

Build Orders: Liberator Opening 

Get SALT Encoding   

  12  0:02  SCV  
  13  0:14  SCV  
  13  0:19  Supply Depot  
  14  0:26  SCV  
  15  0:30  Refinery  
  15  0:40  SCV  
  16  0:58  SCV  
  16  1:01  Barracks  
  17  1:10  SCV  
  18  1:22  SCV  
  19  1:34  SCV  
  19  1:35  Refinery  
  21  1:52  Marine  
  21  1:53  Orbital Command  
  21  1:54  Supply Depot  
  21  1:56  Factory  
  21  2:09  Marine  
  22  2:20  SCV  
  23  2:27  Marine  
  24  2:32  SCV  
  24  2:33  Supply Depot  
  24  2:44  SCV  
  24  2:45  Marine  
  24  2:49  Factory Tech Lab  
  26  2:51  Starport  
  26  2:56  SCV  
  27  3:02  Supply Depot  
  27  3:03  Marine  
  28  3:08  SCV  
  28  3:09  Siege Tank  
  32  3:22  Liberator  
  32  3:25  SCV, Marine  
  34  3:30  Supply Depot  
  34  3:39  SCV  
  41  3:41  Siege Tank  
  41  3:43  Marine  
  42  3:51  SCV  
  42  3:54  Supply Depot  
  43  3:57  Engineering Bay  
  43  4:01  Marine  
  44  4:03  SCV  
  45  4:15  SCV  
  46  4:22  Viking  
  46  4:23  Marine  
  52  4:24  Siege Tank  
  52  4:27  SCV  
  53  4:32  Supply Depot  
  53  4:35  Missile Turret  
  53  4:39  SCV  
  53  4:41  Marine  
  55  4:51  SCV  
  59  5:03  SCV  
Show
View Real Time Build Order
Export as new Build Order

SuperDuper Terran 

Build Orders: Reaper Expand 

Get SALT Encoding   

  12  0:01  SCV  
  13  0:13  SCV  
  14  0:19  Supply Depot  
  14  0:29  SCV  
  15  0:41  SCV  
  15  0:42  Barracks  
  16  0:46  Refinery  
  16  0:53  SCV  
  17  1:06  SCV  
  18  1:18  SCV  
  19  1:31  Orbital Command  
  19  1:36  Reaper  
  20  1:50  Command Center  
  20  2:00  SCV  
  21  2:02  Supply Depot  
  21  2:08  Marine  
  21  2:13  SCV  
  23  2:19  Refinery  
  23  2:21  Factory  
  22  2:31  SCV  
  23  2:43  SCV  
  24  2:47  Marine  
  25  2:56  SCV  
  26  3:03  Orbital Command  
  26  3:04  Marine  
  27  3:07  Factory Tech Lab, Starport  
  27  3:08  SCV  
  28  3:20  SCV  
  28  3:22  Marine  
  28  3:26  Engineering Bay  
  30  3:31  Cyclone  
  30  3:32  SCV  
  30  3:33  SCV  
  35  3:40  Marine  
  36  3:44  SCV  
  36  3:45  Supply Depot  
  33  3:48  Viking  
  37  3:52  SCV  
  40  3:56  SCV  
  40  3:59  Missile Turret  
  41  4:07  SCV, Missile Turret  
  42  4:14  Missile Turret  
  42  4:15  Cyclone  
  45  4:20  SCV x2  
  47  4:32  Supply Depot, SCV  
  47  4:33  SCV  
  49  4:44  SCV  
  49  4:45  SCV  
  51  4:49  Refinery  
  51  4:52  Factory  
  51  4:54  Starport Reactor  
  51  4:55  Refinery  
  51  4:58  SCV x2  
Tags
 
Add a new tag
Caveats
  • Supply blocks, unpowered buildings, or Contaminate may cause inaccurate times.
  • Supply counts are checked every 10 seconds.